 Dungeon Crawl Stone Soup version 0.23-a0-655-g3751e1c (webtiles) character file.

21883 jerryfan the Soothsayer (level 12, 0/100 HPs)
             Began as a Demonspawn Fighter on Jan 7, 2019.
             Was a Priest of Nemelex Xobeh.
             Slain by a bone dragon (3 damage)
             ... on level 1 of the Abyss.
             The game lasted 01:07:44 (17350 turns).

jerryfan the Soothsayer (Demonspawn Fighter)       Turns: 17350, Time: 01:07:44

Health: 0/100      AC: 15    Str: 21    XL:     12   Next: 58%
Magic:  21/21      EV: 11    Int:  8    God:    Nemelex Xobeh [***...]
Gold:   564        SH:  0    Dex: 16    Spells: 11/11 levels left

rFire    . . .     SeeInvis .   X - +1 great sword of Extinguishment {freeze, *Slow MR+++ Int+3}
rCold    + . .     Gourm    .   (shield currently unavailable)
rNeg     . . .     Faith    +   V - +1 chain mail {rC+}
rPois    .         Spirit   .   n - +0 helmet
rElec    .         Reflect  .   (no cloak)
rCorr    .         Harm     .   d - +0 pair of gloves
MR       +++..                  (no boots)
Stlth    ..........             L - amulet of faith
HPRegen  0.26/turn              E - ring of stealth
MPRegen  0.17/turn              B - +6 ring of dexterity

@: no status effects
A: talons 2, repulsion field 2, [clumsy 2], demonic guardian 1, [dopey 2], foul
stench 2, rot immunity
a: Draw Escape, Draw Destruction, Draw Summoning, Draw Stack, Triple Draw,
Renounce Religion


You were on level 1 of the Abyss.
You worshipped Nemelex Xobeh.
Nemelex Xobeh was most pleased with you.
You were hungry.

You visited 3 branches of the dungeon, and saw 17 of its levels.
You visited the Abyss 1 time.
You also visited: Bailey.

You collected 1292 gold pieces.
You spent 728 gold pieces at shops.

Inventory:

Hand Weapons
 a - a +0 long sword
 m - a +0 falchion
 y - a +2 antimagic dagger
 R - a +1 scimitar of flaming
 W - a +5 hand crossbow
 X - the +1 great sword of Extinguishment (weapon) {freeze, *Slow MR+++ Int+3}
   (You acquired it on level 9 of the Dungeon)

   It has been specially enchanted to freeze those struck by it, causing extra
   injury to most foes and up to half again as much damage against particularly
   susceptible opponents.
   It can also slow down cold-blooded creatures.
   It affects your intelligence (+3).
   It affects your resistance to hostile enchantments.
   It may slow you when you take damage.
Missiles
 v - 14 tomahawks of returning (quivered)
 M - 2 throwing nets
Armour
 d - a +0 pair of gloves (worn)
 n - a +0 helmet (worn)
 D - a +1 helmet
 N - a +2 scale mail of fire resistance
 V - a +1 chain mail of cold resistance (worn)
Jewellery
 c - an uncursed ring of positive energy
 q - an uncursed ring of resist corrosion
 B - a +6 ring of dexterity (right hand)
 E - a ring of stealth (left hand)
 L - an amulet of faith (around neck)
 O - an uncursed ring of protection from cold
Wands
 j - a wand of flame (4)
 k - a wand of paralysis (6)
 s - a wand of polymorph (7)
 C - a wand of iceblast (4)
 G - a wand of clouds (5)
 J - a wand of random effects (19)
 K - a wand of disintegration (20)
 Z - a wand of scattershot (3)
Scrolls
 g - a scroll of enchant armour {unknown}
 i - a scroll of silence {unknown}
 l - 3 scrolls of magic mapping
 o - 9 scrolls of remove curse
 r - 5 scrolls of teleportation {unknown}
 u - 2 scrolls of fear {unknown}
 w - 4 scrolls of amnesia {unknown}
 x - 2 scrolls of random uselessness {unknown}
 P - 3 scrolls of enchant weapon {unknown}
 S - a scroll of fog {unknown}
 U - 4 scrolls of identify
 Y - a scroll of brand weapon {unknown}
Potions
 b - a potion of flight
 e - 2 potions of mutation {unknown}
 h - 4 potions of might
 p - 3 potions of brilliance {unknown}
 t - 5 potions of resistance {unknown}
 z - a potion of magic {unknown}
 A - a potion of haste {unknown}
 F - 3 potions of agility {unknown}
 H - 5 potions of curing
 I - 4 potions of lignification {unknown}
 Q - a potion of degeneration {unknown}
Comestibles
 f - 25 rations


   Skills:
 + Level 11.3 Fighting
 + Level 10.2 Long Blades
 + Level 10.5 Armour
   Level 2.6 Shields
 + Level 12.2 Invocations


You had 11 spell levels left.
You didn't know any spells.
Your spell library contained the following spells:

 Spells                   Type           Power        Failure   Level  Hunger
 Animate Skeleton         Necr           N/A          95%         1    ##.....
 Beastly Appendage        Tmut           #.....       95%         1    ##.....
 Infusion                 Chrm           #...         95%         1    ##.....
 Pain                     Necr           #...         95%         1    ##.....
 Shroud of Golubria       Chrm/Tloc      #.........   99%         2    ###....
 Song of Slaying          Chrm           #.......     99%         2    ###....
 Sticks to Snakes         Tmut           #.......     99%         2    ###....
 Regeneration             Chrm/Necr      #.........   100%        3    ####...
 Spectral Weapon          Hex/Chrm       #.......     100%        3    ####...
 Spider Form              Tmut/Pois      #.........   100%        3    ####...
 Vampiric Draining        Necr           #.........   100%        3    ####...
 Animate Dead             Necr           N/A          100%        4    #####..
 Ice Form                 Ice/Tmut       #.......     100%        4    #####..
 Summon Lightning Spire   Summ/Air       #.......     100%        4    #####..
 Blade Hands              Tmut           #.........   100%        5    ######.
 Silence                  Hex/Air        #.........   100%        5    ######.
 Conjure Ball Lightning   Conj/Air       #.........   100%        6    #######
 Deflect Missiles         Chrm/Air       #.........   100%        6    #######
 Tornado                  Air            #.........   100%        9    #######


Dungeon Overview and Level Annotations

Branches:
Dungeon (12/15)            Temple (1/1) D:5            Lair (4/6) D:11
 Shoals (0/4) Lair:2       Spider (0/4) Lair:3          Orc (0/2) D:10

Altars:
Ashenzari
Cheibriados
Dithmenos
Gozag
Hepliaklqana
Kikubaaqudgha
Makhleb
Nemelex Xobeh
Okawaru
Qazlal
Sif Muna
Trog
Uskayaw
Vehumet
Wu Jian
Xom
Yredelemnul

Shops:
D:9 *   D:12 =

Annotations:
D:3 exclusion: downstairs
D:4 Sigmund
D:5 exclusion: downstairs
D:11 exclusion: downstairs
Lair:1 1 runed door, exclusions: door and downstairs, Zejuus's ghost, journeyman NaGl
Lair:3 3 runed doors, exclusion: 3 doors, Ezoatsupp's ghost, journeyman HOFi


Innate Abilities, Weirdness & Mutations

You have razor-sharp toenails.
You are surrounded by a moderate repulsion field. (EV +3)
A weak demonic guardian rushes to your aid.
You frequently emit foul miasma when damaged in melee.
You are immune to rotting.
[You are very clumsy. (Dex -4)]
[You are very dopey. (Int -4)]


Message History

The bone dragon tramples you but does no damage.
Okay, then.
You hit the bone dragon. You freeze the bone dragon.
You claw the bone dragon, but do no damage.
The bone dragon is severely damaged.
The wretched star pulses with an eldritch light!
You feel clumsy. x2
Your polar bear twists and deforms.
Your iron imp twists and deforms.
The worldbinder hits you but does no damage. x2
The bone dragon bites you but does no damage.
The bone dragon claws you.
* * * LOW HITPOINT WARNING * * *
The bone dragon misses you.
Your iron imp hits the bone dragon but does no damage.
Okay, then.
The worldbinder closely misses you. x2; The bone dragon bites you!
* * * LOW HITPOINT WARNING * * *
The bone dragon claws you.
You die...
Your body glows with a rainbow of weird colours and disappears.

.. # . ## ### ##
## . # .. ..... #
. ## ... ..# .
.....# # ..##.
..#...#.## # #
#....#.##.##.# .
.
.#..###..#..##..#
. #hD5.#.....##
.#@#.#.#.##..
#.*x##Y§..#...##
#.#.##.D#..... ##
. #.##.#.#.# #
#....... # ###
### #D #.# #.
#..... ### #.
.##..# . # ##
####


You could see a bone dragon, a wretched star (dazed), a worldbinder, a friendly
polar bear and a friendly iron imp.

Vanquished Creatures
  A two-headed ogre (D:11)
  2 death yaks (Lair:2)
  An ugly thing (D:11)
  4 spiny frogs
  2 komodo dragons
  2 jumping spiders (Lair:3)
  4 blink frogs
  A large abomination (Abyss:1)
  2 slime creatures (D:10)
  2 hippogriffs
  A redback (Lair:3)
  A vampire (D:11)
  A hog (D:8)
  7 yaks
  A human (D:8)
  A golden eye (D:5)
  3 basilisks (Lair:2)
  A chaos spawn (Abyss:1)
  Menkaure (D:4)
  An insubstantial wisp (Abyss:1)
  A floating eye (D:9)
  8 water moccasins
  2 small abominations (Abyss:1)
  4 porcupines
  3 black bears
  4 ice beasts
  A necrophage (D:9)
  5 sky beasts
  6 ogres
  4 centaurs
  11 wolves
  An eye of draining (D:11)
  6 crocodiles
  10 bullfrogs
  5 scorpions
  A killer bee (D:9)
  An electric eel (Lair:4)
  3 wights (D:9)
  A howler monkey (D:8)
  4 crimson imps
  A bullfrog zombie (D:8)
  A centaur zombie (D:7)
  3 hounds
  A quasit (Abyss:1)
  2 orc priests
  A bullfrog skeleton (D:6)
  6 orc wizards
  Jessica (D:2)
  An iguana (D:8)
  8 worker ants
  A hound zombie (D:9)
  Robin (D:2)
  A worker ant zombie (D:6)
  7 adders
  A howler monkey skeleton (D:7)
  4 shadow imps
  A white imp (Abyss:1)
  3 adder zombies
  4 adder skeletons
  A worm (D:2)
  2 dart slugs (D:2)
  A leopard gecko (D:6)
  16 orcs
  2 ball pythons
  8 bats
  3 giant cockroaches
  20 goblins
  13 hobgoblins
  14 jackals
  28 kobolds
  3 quokkas
  5 frilled lizards
  A hobgoblin zombie (D:4)
  A kobold skeleton (D:4)
  An orc zombie (D:4)
  2 quokka zombies
  7 rats
  2 plants
298 creatures vanquished.

Vanquished Creatures (collateral kills)
  A hydra (Lair:2)
  Erica (D:9)
  2 death yaks (Lair:2)
  2 two-headed ogres
  2 orc knights (Bailey)
  An ugly thing (D:11)
  2 spiny frogs (Lair:3)
  A gargoyle (D:10)
  4 komodo dragons
  A troll (D:10)
  3 jumping spiders (Lair:3)
  A blink frog (Lair:2)
  3 hippogriffs
  A redback (Lair:3)
  3 yaks
  A hog (D:8)
  A water moccasin (Lair:2)
  A sky beast (D:8)
  2 orc warriors (Bailey)
  2 ogres
  3 wolves (Lair:4)
  A crocodile (Lair:4)
  A bullfrog (D:10)
  2 killer bees (D:9)
  A crimson imp (D:8)
  2 hounds
  An iguana (D:10)
  2 worker ant zombies
  2 gnolls (Bailey)
  An adder (D:10)
  A ball lightning (Lair:3)
  A leopard gecko (D:7)
  4 orcs
  2 goblins (Bailey)
  2 hobgoblins (Bailey)
61 creatures vanquished.

Vanquished Creatures (others)
  Psyche (D:9)
  A redback (Lair:3)
  An ogre (D:5)
  A centaur (D:5)
  A bullfrog (Lair:4)
  2 killer bees (D:9)
  An orc priest (D:6)
  A jelly (D:5)
  An orc wizard (D:6)
  An adder (D:5)
  A leopard gecko (D:5)
  3 orcs (D:6)
  A leopard gecko zombie (D:5)
  6 fungi
  5 plants (D:11)
  4 toadstools (D:1)
31 creatures vanquished.

Grand Total: 390 creatures vanquished

Notes
Turn   | Place    | Note
-------+----------+-------------------------------------------
     0 | D:1      | jerryfan the Demonspawn Fighter began the quest for the
                  | Orb.
     0 | D:1      | Reached XP level 1. HP: 18/18 MP: 1/1
    95 | D:1      | Gained mutation: You have sharp toenails. [demonic
                  | ancestry]
    95 | D:1      | Reached XP level 2. HP: 24/24 MP: 2/2
   401 | D:1      | Gained mutation: You are surrounded by a mild repulsion
                  | field. (EV +2) [demonic ancestry]
   401 | D:1      | Reached XP level 3. HP: 24/29 MP: 3/3
   858 | D:2      | Noticed Jessica
   865 | D:2      | Killed Jessica
   865 | D:2      | Gained mutation: You are surrounded by a moderate repulsion
                  | field. (EV +3) [demonic ancestry]
   865 | D:2      | Reached XP level 4. HP: 34/37 MP: 4/4
  1108 | D:2      | Noticed Robin
  1127 | D:2      | Killed Robin
  1271 | D:2      | Found a shattered altar of Ashenzari.
  1271 | D:2      | Found a deep blue altar of Sif Muna.
  1719 | D:3      | Gained mutation: You are immune to rotting. [demonic
                  | ancestry]
  1719 | D:3      | Reached XP level 5. HP: 42/42 MP: 5/5
  2375 | D:4      | Noticed Sigmund
  2442 | D:4      | Found a snail-covered altar of Cheibriados.
  2510 | D:4      | Gained mutation: You have razor-sharp toenails. [demonic
                  | ancestry]
  2510 | D:4      | Reached XP level 6. HP: 39/49 MP: 6/6
  2862 | D:4      | Noticed Menkaure
  2877 | D:4      | Killed Menkaure
  2877 | D:4      | Reached skill level 5 in Fighting
  3183 | D:4      | Reached XP level 7. HP: 32/56 MP: 7/7
  3429 | D:4      | Found a stormy altar of Qazlal.
  3519 | D:5      | Entered Level 5 of the Dungeon
  3762 | D:5      | Noticed a golden eye
  3762 | D:5      | an ogre changed into a golden eye
  3802 | D:5      | Reached skill level 5 in Armour
  4020 | D:5      | Killed a golden eye
  4360 | D:5      | Found a staircase to the Ecumenical Temple.
  4377 | D:5      | Reached skill level 5 in Long Blades
  4393 | Temple   | Entered the Ecumenical Temple
  4472 | Temple   | Became a worshipper of Nemelex Xobeh the Trickster
  4499 | D:5      | Found a shimmering altar of Xom.
  4501 | D:5      | Received a gift from Nemelex Xobeh
  4903 | D:6      | Noticed a gargoyle
  4972 | D:6      | Reached * piety under Nemelex Xobeh
  5065 | D:6      | Reached XP level 8. HP: 57/64 MP: 8/8
  5099 | D:6      | Reached skill level 1 in Invocations
  5343 | D:6      | Received a gift from Nemelex Xobeh
  5492 | D:6      | Reached skill level 2 in Invocations
  5910 | D:6      | Found a radiant altar of Vehumet.
  6136 | D:7      | Received a gift from Nemelex Xobeh
  6267 | D:7      | Reached skill level 3 in Invocations
  6341 | D:7      | Noticed a hippogriff
  6353 | D:7      | Killed a hippogriff
  6637 | D:7      | Reached ** piety under Nemelex Xobeh
  6906 | D:8      | Received a gift from Nemelex Xobeh
  7012 | D:8      | Reached skill level 4 in Invocations
  7256 | D:8      | Gained mutation: A weak demonic guardian rushes to your
                  | aid. [demonic ancestry]
  7256 | D:8      | Reached XP level 9. HP: 72/72 MP: 12/12
  7686 | D:8      | Reached skill level 5 in Invocations
  8132 | D:8      | Received a gift from Nemelex Xobeh
  8370 | D:9      | Reached skill level 6 in Invocations
  8416 | D:9      | Reached *** piety under Nemelex Xobeh
  8509 | D:9      | Noticed Psyche
  8518 | D:9      | Killed Psyche
  8653 | D:9      | Noticed Harold
  8654 | D:9      | Noticed Harold
  8654 | D:9      | Harold changed into Harold the floating eye
  8655 | D:9      | Killed Harold the floating eye
  8657 | D:9      | Noticed a two-headed ogre
  8661 | D:9      | Killed a two-headed ogre
  8661 | D:9      | Reached skill level 7 in Invocations
  8661 | D:9      | Reached XP level 10. HP: 81/81 MP: 12/15
  8809 | D:9      | Received a gift from Nemelex Xobeh
  8906 | D:9      | Found Tapinofi's General Store.
  9272 | D:9      | Noticed Erica
  9307 | D:9      | Killed Erica
  9492 | D:9      | Reached skill level 8 in Invocations
  9881 | D:9      | Received a gift from Nemelex Xobeh
 10112 | D:10     | Entered Level 10 of the Dungeon
 10125 | D:10     | Identified the +3 executioner's axe of Kismet {pain, Dex+6}
 10279 | D:10     | Killed a titanic slime creature
 10314 | D:10     | Found a flagged portal.
 10377 | D:10     | Reached skill level 9 in Invocations
 10390 | D:10     | Reached **** piety under Nemelex Xobeh
 10394 | D:10     | Found a staircase to the Orcish Mines.
 10451 | Bailey   | Entered a bailey
 10677 | Bailey   | Noticed an orc knight
 10677 | Bailey   | Noticed an orc knight
 10695 | Bailey   | Killed an orc knight
 10706 | Bailey   | Killed an orc knight
 10853 | D:9      | Bought a scroll of acquirement for 728 gold pieces
 10854 | D:9      | Got an ichor-stained great sword
 10860 | D:9      | Identified the +1 great sword of Extinguishment {freeze,
                  | *Slow MR+++ Int+3} (You acquired it on level 9 of the
                  | Dungeon)
 10925 | D:10     | Noticed a gargoyle
 10985 | D:10     | Killed a gargoyle
 11099 | D:10     | Gained mutation: You may emit foul miasma when damaged in
                  | melee. [demonic ancestry]
 11099 | D:10     | Reached XP level 11. HP: 82/89 MP: 17/17
 11284 | D:10     | Received a gift from Nemelex Xobeh
 11422 | D:11     | Noticed a two-headed ogre
 11435 | D:11     | Killed a two-headed ogre
 11443 | D:11     | Noticed a purple ugly thing
 11455 | D:11     | Killed a purple ugly thing
 11457 | D:11     | Noticed a green ugly thing
 11466 | D:11     | Killed a green ugly thing
 11584 | D:11     | Noticed a two-headed ogre
 11722 | D:11     | Killed a two-headed ogre
 11840 | D:11     | Found a staircase to the Lair.
 11987 | D:11     | Received a gift from Nemelex Xobeh
 12416 | D:11     | Received a gift from Nemelex Xobeh
 12510 | D:12     | Found Erobuohu's Jewellery Shop.
 12544 | D:12     | Noticed a skeletal warrior
 12911 | D:12     | Noticed a skeletal warrior
 12911 | D:12     | Noticed a skeletal warrior
 12911 | D:12     | Noticed a skeletal warrior
 12954 | Lair:1   | Entered Level 1 of the Lair of Beasts
 13010 | Lair:1   | Found a runed door.
 13010 | Lair:1   | Found a shimmering altar of Xom.
 13010 | Lair:1   | Noticed Zejuus's ghost (journeyman NaGl)
 13014 | Lair:1   | Noticed a +2 rapier of chaos
 13034 | Lair:1   | Reached ***** piety under Nemelex Xobeh
 13062 | Lair:1   | Reached skill level 10 in Invocations
 13183 | Lair:1   | Reached skill level 10 in Fighting
 13329 | Lair:1   | Received a gift from Nemelex Xobeh
 14101 | Lair:2   | Received a gift from Nemelex Xobeh
 14101 | Lair:2   | Noticed a six-headed hydra
 14156 | Lair:2   | Killed a six-headed hydra
 14351 | Lair:2   | Noticed a death yak
 14484 | Lair:2   | Noticed a death yak
 14491 | Lair:2   | Noticed a death yak
 14491 | Lair:2   | Noticed a death yak
 14506 | Lair:2   | Killed a death yak
 14509 | Lair:2   | Killed a death yak
 14510 | Lair:2   | Killed a death yak
 14516 | Lair:2   | Killed a death yak
 14516 | Lair:2   | Reached skill level 11 in Invocations
 14871 | Lair:2   | Found a staircase to the Shoals.
 14915 | Lair:2   | Gained mutation: You frequently emit foul miasma when
                  | damaged in melee. [demonic ancestry]
 14915 | Lair:2   | Reached XP level 12. HP: 95/99 MP: 20/20
 15307 | Lair:2   | Received a gift from Nemelex Xobeh
 15723 | Lair:3   | Reached skill level 10 in Armour
 15989 | Lair:3   | Found a runed gate.
 16050 | Lair:3   | Found a runed gate.
 16050 | Lair:3   | Found a runed gate.
 16078 | Lair:3   | Noticed Ezoatsupp's ghost (journeyman HOFi)
 16112 | Lair:3   | Received a gift from Nemelex Xobeh
 16132 | Lair:3   | Got a brightly glowing shortbow
 16133 | Lair:3   | Identified the cursed +1 shortbow "Wus Nyor" {velocity,
                  | Int+4} (You found it on level 3 of the Lair of Beasts)
 16397 | Lair:3   | Reached skill level 10 in Long Blades
 16591 | Lair:3   | Found a hole to the Spider Nest.
 16924 | Lair:4   | Received a gift from Nemelex Xobeh
 17003 | Lair:4   | Reached skill level 12 in Invocations
 17123 | Lair:4   | Cast into level 1 of the Abyss (drawing a card)
 17238 | Abyss:1  | Noticed a bone dragon
 17350 | Abyss:1  | HP: 3/100 [bone dragon (12)]
 17350 | Abyss:1  | Slain by a bone dragon

Vault maps used:
D:1:      ldierk_walled_garden_2
D:2:      grunt_temple_overflow_open, minmay_misc_feat_plants, uniq_jessica,
          uniq_robin
D:4:      cheibrodos_old_hovel, nicolae_tso_besieged_by_evil,
          cheibriados_altar_1, nicolae_overflow_crystal_walls, uniq_eustachio,
          uniq_menkaure, uniq_sigmund
D:5:      xom_confusion_cloud, minmay_temple_entry_sparse_star, first_ration
D:6:      kennysheep_mini
D:8:      grunt_livestock
D:9:      serial_shops, nicolae_shop_waterfront, uniq_erica, uniq_psyche,
          uniq_harold
D:10:     orc_0_dummy, enter_bailey_6, corexii_checkpoint_a, st_stairs_5
D:11:     david_lair_shrubbed, hangedman_decor_slide_cut
D:12:     serial_shops, shop_statue, shop, shop
Temple:   bh_familiar_temple
Lair:1:   ebering_ghost_xom
Lair:2:   elwin_shoals_entry_rocks, grunt_megastairs_2
Lair:3:   nicolae_spider_entry_tight_spaces, gammafunk_ghost_icy,
          grunt_megastairs_3
Lair:4:   gauntlet_entry_generic, lemuel_fruit_fields, serial_bayou_shore_b
Bailey:   bailey_axe_1, bailey

Skill      XL: |  1  2  3  4  5  6  7  8  9 10 11 12 |
---------------+-------------------------------------+-----
Long Blades    | 2 3 4 5 6 7 8 9 10 | 10.2
Armour         | 3 4 5 6 7 8 9 10 | 10.5
Fighting       | 4 5 6 7 8 9 10 11 | 11.3
Invocations    | 4 7 9 11 12 | 12.2
Shields        | |  2.6

Action                   |  1- 3 |  4- 6 |  7- 9 | 10-12 || total
-------------------------+-------+-------+-------+-------++-------
Melee: Long sword        |    88 |   148 |   299 |    75 ||   610
       Kick              |    19 |    47 |   104 |   178 ||   348
       Falchion          |       |       |    14 |       ||    14
       Scimitar          |       |       |       |    87 ||    87
       Great sword       |       |       |       |   243 ||   243
Throw: Tomahawk          |       |       |       |    14 ||    14
Invok: Triple Draw       |       |       |     1 |     6 ||     7
       Stack Five        |       |       |       |     1 ||     1
 Abil: Draw Destruction  |       |       |    12 |    28 ||    40
       Draw Summoning    |       |       |     2 |    19 ||    21
       Draw Escape       |       |       |     1 |     8 ||     9
       Draw Stack        |       |       |       |     4 ||     4
Evoke: Wand              |       |     9 |    11 |     4 ||    24
  Use: Scroll            |     1 |     2 |     3 |     8 ||    14
       Potion            |       |     3 |     1 |     2 ||     6
 Stab: Invisible         |       |     1 |       |       ||     1
       Distracted        |       |       |       |     6 ||     6
       Sleeping          |       |       |       |     1 ||     1
  Eat: Chunk             |       |     7 |    18 |    14 ||    39
       Ration            |       |       |       |     4 ||     4
Armor: Scale mail        |    50 |    36 |   133 |   119 ||   338
       Chain mail        |       |       |       |   120 ||   120
Dodge: Dodged            |    32 |    64 |   108 |   212 ||   416
Block: Shield            |    69 |    71 |   111 |    93 ||   344
       Rpst.: Long sword |    10 |    20 |    22 |     5 ||    57
       Scimitar          |       |       |       |     8 ||     8
       Great sword       |       |       |       |    36 ||    36

Table legend:
 A = Non-vault XP
 B = Vault XP
 C = Vault XP percentage of total XP
 D = Non-vault monster count
 E = Vault monster count
 F = Vault count percentage of total count
                 A         B        C        D         E       F
            +---------+---------+-------+---------+---------+-------
      Total |   22338 |    8924 |  28.5 |     282 |      84 |  23.0
            +---------+---------+-------+---------+---------+-------
        D:1 |      48 |       0 |   0.0 |      30 |       0 |   0.0
        D:2 |      70 |      75 |  51.7 |      18 |      14 |  43.8
        D:3 |     118 |       0 |   0.0 |      20 |       0 |   0.0
        D:4 |     327 |     175 |  34.9 |      10 |       4 |  28.6
        D:5 |     398 |     167 |  29.6 |       7 |       5 |  41.7
        D:6 |     575 |       0 |   0.0 |      23 |       0 |   0.0
        D:7 |     480 |       0 |   0.0 |      17 |       0 |   0.0
        D:8 |     982 |     683 |  41.0 |      22 |       5 |  18.5
        D:9 |    2761 |     902 |  24.6 |      28 |       3 |   9.7
       D:10 |    2458 |     172 |   6.5 |      19 |       4 |  17.4
       D:11 |    2567 |     239 |   8.5 |      12 |       1 |   7.7
       D:12 |      94 |       0 |   0.0 |       2 |       0 |   0.0
     Lair:1 |    2193 |       0 |   0.0 |      11 |       0 |   0.0
     Lair:2 |    3902 |    3463 |  47.0 |      23 |       6 |  20.7
     Lair:3 |    1271 |    2205 |  63.4 |       5 |      10 |  66.7
     Lair:4 |    3206 |       0 |   0.0 |      28 |       0 |   0.0
    Abyss:1 |     888 |       0 |   0.0 |       7 |       0 |   0.0
     Bailey |       0 |     843 | 100.0 |       0 |      32 | 100.0
            +---------+---------+-------+---------+---------+-------
